 Dungeon Crawl Stone Soup version 0.29.0-4-gdea44cf6ec (webtiles) character file.

Game seed: 358581388516361158

106 qw the Chopper (level 4, -6/26 HPs)
             Began as a Tengu Warper on Aug 28, 2022.
             Mangled by a gnoll
             ... wielding a +0 halberd
              (7 damage)
             ... on level 3 of the Dungeon.
             The game lasted 00:00:14 (2863 turns).

qw the Chopper (Tengu Warper)                       Turns: 2863, Time: 00:00:15

Health: -6/26      AC:  5    Str: 13    XL:     4   Next: 84%
Magic:  8/8        EV: 15    Int: 13    God:
Gold:   100        SH:  0    Dex: 14    Spells: 7/7 levels left

rFire   . . .      SeeInvis +   Y - +0 war axe (drain)
rCold   . . .      Faith    .   (no shield)
rNeg    . . .      Spirit   .   e - +0 ring mail
rPois   .          Reflect  .   (helmet restricted)
rElec   .          Harm     .   (no cloak)
rCorr   .          Rampage  .   (no gloves)
Will    .....                   (boots unavailable)
Stlth   +.........              (no amulet)
HPRegen 0.08/turn               g - +4 ring of evasion
MPRegen 0.11/turn               m - ring of see invisible

@: about to teleport
A: beak, talons 3
a: no special abilities


You were on level 3 of the Dungeon.
You visited 1 branch of the dungeon, and saw 3 of its levels.

You collected 100 gold pieces.


Innate Abilities, Weirdness & Mutations

You have a beak for a mouth.
You have claws for feet.


   Skills:
 - Level 2.0 Fighting
 + Level 5.3 Axes
 - Level 1.0 Throwing
 - Level 1.1 Armour
 - Level 2.1 Dodging
 - Level 2.0 Spellcasting
 - Level 2.4 Translocations


You had 7 spell levels left.
You didn't know any spells.
Your spell library contained the following spells:

 Spells                   Type           Power      Damage    Failure   Level
 Blink                    Tloc           14%        N/A       30%         2
 Gell's Gravitas          Tloc           7%         N/A       52%         3
 Lesser Beckoning         Tloc           7%         N/A       52%         3
 Teleport Other           Tloc           7%         N/A       52%         3
 Manifold Assault         Tloc           7%         N/A       99%         5

Inventory:

Hand Weapons
 j - a +0 whip
 Y - a +0 war axe of draining (weapon)
Missiles
 a - a boomerang (quivered)
Armour
 e - a +0 ring mail (worn)
 f - a +0 buckler
 n - a +0 plate armour
Jewellery
 g - a +4 ring of evasion (left hand)
 m - a ring of see invisible (right hand)
Scrolls
 b - 3 scrolls of identify
 i - a scroll of enchant weapon {unknown}
Potions
 c - a potion of might
 d - 2 potions of curing
 k - a potion of haste
 l - a potion of cancellation

Dungeon Overview and Level Annotations

Branches:
Dungeon (3/15)

Altars:


Message History

Press: ? - help, Q - select action Shift-Dir - straight line, f/p - gnoll You throw a boomerang.
The boomerang barely misses the gnoll.
Throw: boomerang
Press: ? - help, Q - select action Shift-Dir - straight line, f/p - gnoll You throw a boomerang.
The boomerang hits the gnoll.
The gnoll is severely wounded.
A gnoll comes into view. It is wielding a +0 club.
You closely miss the gnoll. You claw the gnoll.
The gnoll is severely wounded.
The gnoll hits you with a +0 club.
A gnoll comes into view. It is wielding a +0 halberd.
You barely miss the gnoll.
The gnoll shouts!
You claw the gnoll.
You kill the gnoll!
A gnoll comes into view. It is wielding a +0 whip.
The gnoll shouts!
Things that are here:
a +0 club; a gnoll corpse You hit the gnoll.
The gnoll is moderately wounded.
The gnoll hits you from afar with a +0 halberd!
The gnoll closely misses you.
You hit the gnoll. Your kick misses the gnoll.
The gnoll is severely wounded.
The gnoll hits you from afar with a +0 halberd.
The gnoll completely misses you. The gnoll hits you but does no damage.
The gnoll closely misses you.
2862 ||| READING scroll of teleportation.
As you read the scroll of teleportation, it crumbles to dust.
You feel strangely unstable. The gnoll hits you with a +0 whip.
The gnoll closely misses you. The gnoll barely misses you.
You closely miss the gnoll. You claw the gnoll, but do no damage.
You peck the gnoll.
You kill the gnoll!
You hit the gnoll. The gnoll misses you.
The gnoll hits you from afar with a +0 halberd!
You die...

...........# #.# #.#.#
#######...[# #.# #.#.###
......#....# ##+## ###.....##
......'....# ##...## #........#
......#.#### ##.....## #.##......
......#.## ##.......###.##......
......#..####.........##.#...#..#
......#.....+...).....).........#
......#..####..)@.....##.#...##.#
......#.## ##..g....###.##.## .#
#######.# ##.g...## #.. ...
........# ##.>.## #### ###
##.....## ##'## #####.# .# #.# .#
#.# .# #<#


You could see 2 gnolls.

Vanquished Creatures
  2 gnolls (D:3)
  4 adders
  A dart slug (D:2)
  7 ball pythons
  7 bats
  3 endoplasms
  4 giant cockroaches
  6 goblins
  2 hobgoblins (D:1)
  2 jackals (D:3)
  7 kobolds
  3 quokkas
  4 frilled lizards
  4 rats
56 creatures vanquished.

Notes
Turn   | Place    | Note
-------+----------+-------------------------------------------
     0 | D:1      | qw the Tengu Warper began the quest for the Orb.
     0 | D:1      | Reached XP level 1. HP: 12/12 MP: 4/4
     0 | D:1      | 0 ||| qw: Version: 0.1-a-89-g26bdef1
     0 | D:1      | 0 ||| qw: Game counter: 846
     0 | D:1      | 0 ||| qw: Always use a shield: true
     0 | D:1      | 0 ||| qw: God list: Okawaru
     0 | D:1      | 0 ||| qw: Allow faded altars: false
     0 | D:1      | 0 ||| qw: Do Orc after D:15 true
     0 | D:1      | 0 ||| qw: Do second Lair branch before Depths: true
     0 | D:1      | 0 ||| qw: Lair rune preference: random
     0 | D:1      | 0 ||| qw: Plans: Normal
     0 | D:1      | 0 ||| PLANNING D:1-11
    63 | D:1      | 63 ||| SWAPPING to +0 war axe.
    64 | D:1      | 64 ||| DROPPING +0 hand axe.
   144 | D:1      | Reached XP level 2. HP: 14/17 MP: 6/6
   159 | D:1      | Reached skill level 3 in Axes
   379 | D:1      | 379 ||| Stepping ~*~*~tactically~*~*~ (stealth).
   791 | D:1      | Reached XP level 3. HP: 21/21 MP: 7/7
   807 | D:1      | Found a faded altar of an unknown god.
   982 | D:1      | 982 ||| UPGRADING to +0 ring mail.
   992 | D:1      | 992 ||| DROPPING +0 leather armour.
   993 | D:1      | 993 ||| READING scroll labelled BOYRUQ ACANK.
   996 | D:1      | 996 ||| READING scroll labelled GERONI VASYKO.
   997 | D:1      | 997 ||| READING scroll labelled QEEVYSY HELEBB.
   998 | D:1      | 998 ||| READING scroll labelled FIATUT WOLLEL.
   999 | D:1      | 999 ||| DRINKING 2 golden potions.
  1000 | D:1      | 1000 ||| DROPPING scroll of blinking.
  1059 | D:2      | 1059 ||| Stepping ~*~*~tactically~*~*~ (hiding).
  1095 | D:2      | 1095 ||| Stepping ~*~*~tactically~*~*~ (hiding).
  1096 | D:2      | 1096 ||| Stepping ~*~*~tactically~*~*~ (hiding).
  1104 | D:2      | Reached skill level 4 in Axes
  1226 | D:2      | 1226 ||| Stepping ~*~*~tactically~*~*~ (stealth).
  1603 | D:2      | Reached XP level 4. HP: 26/26 MP: 8/8
  1607 | D:2      | 1607 ||| DROPPING +0 club.
  1993 | D:2      | 1993 ||| UPGRADING to +4 ring of evasion.
  1994 | D:2      | 1994 ||| UPGRADING to ring of see invisible.
  1995 | D:2      | 1995 ||| READING scroll labelled ZYEQIPT UNTINT.
  1996 | D:2      | 1996 ||| READING scroll labelled LEXKAC NAAKETO.
  1997 | D:2      | 1997 ||| READING scroll labelled ZOOL VUSAETECY.
  1998 | D:2      | 1998 ||| DRINKING 3 brown potions.
  1999 | D:2      | 1999 ||| READING 4 scrolls of identify.
  1999 | D:2      | 1999 ||| IDENTIFYING fuming puce potion
  2000 | D:2      | 2000 ||| READING 3 scrolls of identify.
  2000 | D:2      | 2000 ||| IDENTIFYING smoky yellow potion
  2187 | D:3      | HP: 6/26 [poisoned by an adder]
  2188 | D:3      | Reached skill level 5 in Axes
  2861 | D:3      | HP: 6/26 [gnoll/+0 halberd (6)]
  2862 | D:3      | 2862 ||| READING scroll of teleportation.
  2862 | D:3      | HP: 1/26 [gnoll/+0 whip (5)]
  2863 | D:3      | Mangled by a gnoll

Levels and vault maps discovered:
D:1:      zelgadis_glass_arrival_small, layout_basic,
          shapermc_ecumenical_altar_notcrosses
D:2:      layout_rooms, minivault_27, grunt_ministairs_4,
          minmay_worlds_worst_comb
D:3:      layout_loops_corners, minivault_25

Skill      XL: |  1  2  3  4 |
---------------+-------------+-----
Axes           | 3 4 5 |  5.3
Fighting       | |  2.0
Throwing       | |  1.0
Armour         | |  1.1
Dodging        | |  2.1
Spellcasting   | |  2.0
Translocations | |  2.4

Action                   |  1- 3 |  4- 6 || total
-------------------------+-------+-------++-------
Melee: War axe           |    60 |    56 ||   116
       Kick              |    10 |    14 ||    24
       Peck              |     9 |     3 ||    12
       Hand axe          |     3 |       ||     3
Throw: Boomerang         |    44 |    31 ||    75
  Use: Scroll            |     4 |     6 ||    10
       Potion            |     1 |     1 ||     2
Armor: Leather armour    |     6 |       ||     6
       Ring mail         |    16 |    14 ||    30
Dodge: Dodged            |    49 |    44 ||    93

Table legend:
 A = Non-vault XP
 B = Vault XP
 C = Vault XP percentage of total XP
 D = Non-vault monster count
 E = Vault monster count
 F = Vault count percentage of total count
                 A         B        C        D         E       F
            +---------+---------+-------+---------+---------+-------
      Total |     159 |       7 |   4.2 |      52 |       4 |   7.1
            +---------+---------+-------+---------+---------+-------
        D:1 |      36 |       0 |   0.0 |      21 |       0 |   0.0
        D:2 |      49 |       7 |  12.5 |      15 |       4 |  21.1
        D:3 |      74 |       0 |   0.0 |      16 |       0 |   0.0
            +---------+---------+-------+---------+---------+-------
